 Dungeon Crawl Stone Soup version 0.28.0 (webtiles) character file.

Game seed: 18238398767917004130

159 psuckher the Slasher (level 5, 0/28 (44) HPs)
             Began as a Palentonga Berserker on Feb 15, 2022.
             Was a Believer of Trog.
             Slain by Ijyb (3 damage)
             ... on level 4 of the Dungeon on Feb 16, 2022.
             The game lasted 00:21:23 (4145 turns).

psuckher the Slasher (Palentonga Berserker)         Turns: 4145, Time: 00:21:27

HP:   0/28 (44)     AC:  4    Str: 23    XL:     5   Next: 17%
MP:   5/5           EV: 10    Int:  7    God:    Trog [**....]
Gold: 61            SH:  0    Dex:  9    Spells: 4/4 levels left

rFire   . . .      SeeInvis +   a - +0 falchion
rCold   . . .      Faith    .   (no shield)
rNeg    . . .      Spirit   .   b - +0 animal skin
rPois   .          Reflect  .   (no helmet)
rElec   .          Harm     .   (no cloak)
rCorr   .          Rampage  .   (no gloves)
Will    .....                   (no barding)
Stlth   +.........              (no amulet)
HPRegen 0.09/turn               m - ring of flight
MPRegen 0.09/turn               (no ring)

@: flying, very heavily drained
A: large, rugged brown scales 3, see invisible, deformed body, roll 1, armoured
tail
a: Rolling Charge, Renounce Religion, Berserk, Trog's Hand


You were on level 4 of the Dungeon.
You worshipped Trog.
Trog was pleased with you.
You visited 1 branch of the dungeon, and saw 4 of its levels.

You collected 61 gold pieces.

Inventory:

Hand Weapons
 a - a +0 falchion (weapon)
Armour
 b - a +0 animal skin (worn)
Magical Staves
 i - a staff of death
Jewellery
 m - a ring of flight (left hand)
 q - a ring of ice
Scrolls
 c - a scroll of amnesia {unknown}
 g - a scroll of blinking {unknown}
 j - a scroll of teleportation {unknown}
 k - a scroll of enchant weapon {unknown}
 n - a scroll of immolation {unknown}
Potions
 d - 3 potions of curing {unknown}
 e - 4 potions of mutation {unknown}
 f - a potion of flight {unknown}
 h - a potion of resistance {unknown}
 l - 2 potions of degeneration {unknown}
 o - a potion of magic {unknown}
 p - a potion of attraction {unknown}


   Skills:
 + Level 3.9 Fighting
 + Level 4.5 Long Blades
 + Level 1.7 Armour
 + Level 2.4 Dodging
 + Level 0.4 Stealth


You had 4 spell levels left.
You didn't know any spells.
Your spell library was empty.

Dungeon Overview and Level Annotations

Branches:
Dungeon (4/15)
 Temple: D:4-7

Altars:

Annotations:
D:3 3 runed translucent doors, Theoretic's ghost, amateur KoAE
D:4 Blork the orc; Ijyb


Innate Abilities, Weirdness & Mutations

You are completely covered in rugged brown scales. (AC +3, +7% HP)
You have supernaturally acute eyesight. (SInv)
Armour fits poorly on your strangely shaped body.
You can roll at nearby foes to attack.
You have a long armoured tail.


Message History

Ijyb is moderately wounded.
Ijyb barely misses you.
You slash Ijyb!
Ijyb is severely wounded.
Ijyb hits you but does no damage.
You feel drained.
You barely miss Ijyb. You tail-slap Ijyb.
Ijyb is severely wounded.
Ijyb hits you with a +0 dagger of draining.
You feel drained.
You barely miss Ijyb.
Ijyb is severely wounded.
Ijyb closely misses you.
You closely miss Ijyb.
Ijyb is severely wounded.
Ijyb hits you with a +0 dagger of draining.
You feel drained.
You hit Ijyb.
Your tail-slap misses Ijyb.
Ijyb is almost dead.
Ijyb grins evilly.
Ijyb hits you with a +0 dagger of draining.
You feel drained.
You hit Ijyb but do no damage.
Your tail-slap misses Ijyb.
Ijyb is almost dead.
Ijyb hits you with a +0 dagger of draining.
You feel drained.
* * * LOW HITPOINT WARNING * * *
You closely miss Ijyb.
Ijyb is almost dead.
Ijyb hits you but does no damage.
You feel drained.
You hit Ijyb but do no damage.
Ijyb is almost dead.
Ijyb hits you but does no damage.
You feel drained.
You closely miss Ijyb.
Ijyb is almost dead.
Ijyb hits you with a +0 dagger of draining.
* * * LOW HITPOINT WARNING * * *
You feel drained.
* * * LOW HITPOINT WARNING * * *
Ijyb hits you with a +0 dagger of draining.
You die...

###### #.g@.#
#.#..# #.##.#
#..<..
####.#.
#####.##. #
#.....# #.
#.#.....####.
#.#.###.#.#
##


You could see Ijyb.

Vanquished Creatures
  An orc priest (D:3)
  2 orc wizards (D:3)
  3 adders
  A worm (D:3)
  6 orcs (D:3)
  2 ball pythons
  5 bats
  3 endoplasms
  2 giant cockroaches
  3 goblins
  3 hobgoblins
  2 quokkas
  3 frilled lizards
  6 kobolds
  5 rats
47 creatures vanquished.

Vanquished Creatures (others)
  2 fungi (D:3)
  2 plants (D:3)
4 creatures vanquished.

Grand Total: 51 creatures vanquished

Notes
Turn   | Place    | Note
-------+----------+-------------------------------------------
     0 | D:1      | psuckher the Palentonga Berserker began the quest for the
                  | Orb.
     0 | D:1      | Reached XP level 1. HP: 19/19 MP: 1/1
   638 | D:1      | Reached XP level 2. HP: 25/25 MP: 2/2
  1303 | D:2      | You fall into a shaft and drop 1 floor!
  1303 | D:3      | Found a faded altar of an unknown god.
  1739 | D:2      | Reached XP level 3. HP: 24/31 MP: 3/3
  2276 | D:3      | Found a runed translucent gate.
  2276 | D:3      | Noticed Theoretic's ghost (amateur KoAE)
  2276 | D:3      | Noticed a kobold brigand
  2277 | D:3      | Found a runed translucent gate.
  2277 | D:3      | Found a runed translucent gate.
  2314 | D:3      | Reached XP level 4. HP: 11/37 MP: 4/4
  2317 | D:3      | Reached skill level 4 in Long Blades
  2743 | D:3      | Reached ** piety under Trog
  3546 | D:4      | Noticed a necrophage
  3547 | D:4      | Noticed Blork the orc
  3556 | D:3      | Reached XP level 5. HP: 10/44 MP: 5/5
  4125 | D:4      | Noticed Ijyb
  4145 | D:4      | Slain by Ijyb

Illustrated notes

Levels and vault maps discovered:
D:1:      saegor_arrival_simple_e, layout_basic, chequers_serial_rivers_small_a,
          minmay_misc_feat_square, minmay_misc_feat_iff
D:2:      minmay_door_path, layout_basic
D:3:      layout_basic, gammafunk_ghost_nasty_kobolds,
          shapermc_ecumenical_altar_mp_highgroup, corexii_shack,
          wad_floor_pattern_untrapped, kennysheep_small_spiral
D:4:      layout_basic, chequers_serial_rivers_micro_a, corexii_checkpoint_a,
          roderic_batcave, uniq_ijyb, uniq_blork_the_orc

Skill      XL: |  1  2  3  4 |
---------------+-------------+-----
Dodging        | 2 |  2.4
Long Blades    | 4 |  4.5
Fighting       | |  3.9
Armour         | |  1.7
Stealth        | |  0.4

Action                   |  1- 3 |  4- 6 || total
-------------------------+-------+-------++-------
Melee: Falchion          |    99 |    66 ||   165
       Tailslap          |     8 |     6 ||    14
 Stab: Sleeping          |     1 |       ||     1
Armor: Animal skin       |    59 |    15 ||    74
Dodge: Dodged            |    54 |    30 ||    84
